 Dungeon Crawl Stone Soup version 0.29.1-4-g47bece8355 (webtiles) character file.

Game seed: 13702465872122698555

127 safid the Shooter (level 4, -2/41 HPs)
             Began as a Minotaur Hunter on Dec 1, 2022.
             Slain by a gnoll
             ... wielding a +0 whip
              (6 damage)
             ... on level 4 of the Dungeon.
             The game lasted 00:03:12 (2092 turns).

safid the Shooter (Minotaur Hunter)                 Turns: 2092, Time: 00:03:12

Health: -2/41      AC:  3    Str: 15    XL:     4   Next: 85%
Magic:  3/3        EV: 12    Int:  6    God:
Gold:   141        SH:  0    Dex: 22    Spells: 3/3 levels left

rFire   . . .      SeeInvis .   a - +0 shortbow
rCold   . . .      Faith    .   (shield currently unavailable)
rNeg    . . .      Spirit   .   c - +0 leather armour
rPois   .          Reflect  .   (helmet restricted)
rElec   .          Harm     .   (no cloak)
rCorr   .          Rampage  .   (no gloves)
Will    +....                   (no boots)
Stlth   ++........              (no amulet)
HPRegen 0.13/turn               g - +6 ring of dexterity
MPRegen 0.08/turn               k - ring of willpower

@: no status effects
A: horns 2, retaliatory headbutt
a: no special abilities


You were on level 4 of the Dungeon.
You visited 1 branch of the dungeon, and saw 4 of its levels.

You collected 141 gold pieces.

Inventory:

Hand Weapons
 a - a +0 shortbow (weapon)
Armour
 c - a +0 leather armour (worn)
Jewellery
 g - a +6 ring of dexterity (left hand)
 k - a ring of willpower (right hand)
Wands
 o - a wand of flame (16)
Scrolls
 b - a scroll of immolation
 d - 2 scrolls of enchant armour {unknown}
 f - a scroll of enchant weapon {unknown}
 h - a scroll of fear {unknown}
 l - 2 scrolls of identify {unknown}
 m - a scroll of magic mapping {unknown}
 n - a scroll of acquirement {unknown}
 p - 2 scrolls of butterflies {unknown}
 q - a scroll of blinking {unknown}
Potions
 e - a potion of mutation {unknown}
 i - a potion of berserk rage {unknown}
 j - a potion of lignification {unknown}


   Skills:
 + Level 4.6 Fighting
 + Level 5.7 Ranged Weapons
 - Level 2.1 Dodging
 - Level 0.7 Stealth


You had 3 spell levels left.
You didn't know any spells.
Your spell library contained the following spells:

 Spells                   Type           Power      Damage    Failure   Level
 Ignite Poison            Fire/Tmut/Pois 0%         N/A       88%         3
 Mephitic Cloud           Conj/Pois/Air  0%         N/A       88%         3
 Freezing Cloud           Conj/Ice/Air   0%         6-21      100%        5


Dungeon Overview and Level Annotations

Branches:
Dungeon (4/15)
 Temple: D:4-7

Altars:
Uskayaw


Innate Abilities, Weirdness & Mutations

You have a pair of horns on your head.
You reflexively headbutt those who attack you in melee.


Message History

You shoot an arrow. The gnoll shouts!
The arrow hits the gnoll.
The gnoll is moderately wounded.
You shoot an arrow. The arrow hits the gnoll.
The gnoll is heavily wounded.
A gnoll comes into view. It is wielding a +0 club.
You shoot an arrow. The arrow closely misses the gnoll.
A gnoll comes into view. It is wielding a +0 whip.
You shoot an arrow. The gnoll shouts!
The arrow hits the gnoll.
The gnoll is almost dead.
The gnoll closely misses you. You furiously retaliate!
You headbutt the gnoll.
You kill the gnoll!
You shoot an arrow.
The arrow hits the gnoll but does no damage.
You shoot an arrow. The arrow hits the gnoll!
The gnoll is heavily wounded.
An iguana comes into view.
The gnoll closely misses you. You furiously retaliate!
You headbutt the gnoll. You shoot an arrow. The arrow barely misses the gnoll.
The arrow hits the gnoll.
The gnoll is heavily wounded.
The gnoll hits you with a +0 flail!
You shoot an arrow. The arrow hits the gnoll!
You kill the gnoll!
The gnoll hits you but does no damage.
You shoot an arrow. The arrow closely misses the gnoll.
The gnoll barely misses you. x2; The gnoll hits you with a +0 club.
The gnoll hits you with a +0 whip.
Unknown command.
Unknown command.
The gnoll attacks as you move away! The gnoll hits you with a +0 whip.
The gnoll attacks as you move away! The gnoll hits you with a +0 whip.
* * * LOW HITPOINT WARNING * * *
The gnoll attacks as you move away! The gnoll hits you with a +0 whip!
* * * LOW HITPOINT WARNING * * *
The gnoll hits you with a +0 whip.
You die...

...................
....$>..........#.#
...<.............. ..
......).........# ###
..!.###...##.)..#.#:#
. .#....l......#.###
#..............)...
#........gg....#.###
#.........@.........
#...................
#............#######
#............#
###.........#
#.......<.#
#.........#
###########


You could see an iguana and 2 gnolls.

Vanquished Creatures
  2 gnolls (D:4)
  4 adders
  4 dart slugs
  2 orcs
  5 endoplasms
  A giant cockroach (D:3)
  3 goblins
  4 hobgoblins
  A jackal (D:4)
  6 kobolds
  3 quokkas
  9 ball pythons
  3 bats (D:1)
  6 frilled lizards
  11 rats
64 creatures vanquished.

Vanquished Creatures (others)
  A plant (D:3)
1 creature vanquished.

Grand Total: 65 creatures vanquished

Notes
Turn   | Place    | Note
-------+----------+-------------------------------------------
     0 | D:1      | safid the Minotaur Hunter began the quest for the Orb.
     0 | D:1      | Reached XP level 1. HP: 18/18 MP: 0/0
   120 | D:1      | Reached XP level 2. HP: 9/26 MP: 1/1
   363 | D:1      | Found a faded altar of an unknown god.
   707 | D:1      | Reached XP level 3. HP: 31/31 MP: 2/2
   710 | D:1      | Reached skill level 5 in Ranged Weapons
  1247 | D:2      | Reached XP level 4. HP: 23/40 MP: 3/3
  1895 | D:3      | Found a hide-covered altar of Uskayaw.
  2092 | D:4      | Slain by a gnoll

Illustrated notes

Levels and vault maps discovered:
D:1:      onia_arrival_mini_maze_b, layout_rooms,
          shapermc_ecumenical_altar_notcrosses
D:2:      layout_rooms, bh_walls_and_bars
D:3:      layout_rooms, nicolae_uskayaw_dance_hall, saegor_snake_ambush
D:4:      layout_basic, temple_hall, minmay_surrounded, uniq_grinder

Skill      XL: |  1  2  3 |
---------------+----------+-----
Fighting       | 3 4 |  4.6
Ranged Weapons | 5 |  5.7
Dodging        | |  2.1
Stealth        | |  0.7

Action                   |  1- 3 |  4- 6 || total
-------------------------+-------+-------++-------
 Fire: Shortbow          |   102 |    49 ||   151
Armor: Leather armour    |     8 |     4 ||    12
Dodge: Dodged            |    29 |    12 ||    41
